 Dungeon Crawl Stone Soup version 0.23-a0-622-g59b4ea9 (console) character file.

128 bli the Chopper (level 5, -11/42 HPs)
             Began as a Formicid Abyssal Knight on Dec 23, 2018.
             Was a Follower of Lugonu.
             Killed by divine providence
             ... invoked by an orc priest
              (14 damage)
             ... on level 3 of the Dungeon.
             The game lasted 00:07:07 (2054 turns).

bli the Chopper (Formicid Abyssal Knight)           Turns: 2054, Time: 00:07:08

Health: -11/42     AC:  4    Str: 18    XL:     5   Next: 34%
Magic:  6/6        EV: 12    Int:  9    God:    Lugonu [*.....]
Gold:   192        SH:  0    Dex: 10    Spells: 4/4 levels left

rFire    . . .     SeeInvis +   a - +1 hand axe
rCold    . . .     Gourm    .   (no shield)
rNeg     . . .     Faith    .   b - +0 leather armour
rPois    .         Spirit   .   (helmet unavailable)
rElec    .         Reflect  .   r - +0 cloak
rCorr    .         Harm     .   (no gloves)
MR       .....                  (no boots)
Stlth    +.........             (no amulet)
HPRegen  0.14/turn              (no ring)
MPRegen  0.10/turn              (no ring)

@: no status effects
A: permanent stasis, dig shafts and tunnels, four strong arms, antennae 3, dopey
1
a: Dig, Shaft Self, Depart the Abyss, Renounce Religion


You were on level 3 of the Dungeon.
You worshipped Lugonu.
Lugonu was aware of your devotion.
You were not hungry.

You visited 1 branch of the dungeon, and saw 3 of its levels.
You visited the Abyss 1 time.

You collected 192 gold pieces.

Inventory:

Hand Weapons
 a - a +1 hand axe (weapon)
Missiles
 i - 84 stones (quivered)
 j - 39 sling bullets
Armour
 b - a +0 leather armour (worn)
 e - a +2 shield
 l - a +0 ring mail
 r - a +0 cloak (worn)
Scrolls
 d - a scroll of amnesia {unknown}
 g - a scroll of blinking {unknown}
 m - 3 scrolls of identify {unknown}
Potions
 f - a potion of haste
 h - a potion of mutation {unknown}
 k - a potion of agility {unknown}
 n - 2 potions of curing {unknown}
 p - a potion of brilliance {unknown}
 q - a potion of magic {unknown}
Comestibles
 c - 4 rations


   Skills:
 + Level 3.7 Fighting
 + Level 3.7 Axes
 * Level 2.5 Armour
 + Level 2.1 Dodging
 * Level 1.7 Shields
 - Level 2.1 Invocations


You had 4 spell levels left.
You didn't know any spells.
Your spell library was empty.

Dungeon Overview and Level Annotations

Branches:
Dungeon (3/15)

Altars:


Innate Abilities, Weirdness & Mutations

You cannot be hasted, slowed, berserked, paralysed or teleported.
You can dig through walls and to a lower floor.
Your four strong arms can wield two-handed weapons with a shield.
You have a pair of large antennae on your head. (SInv)
You are dopey. (Int -2)


Message History

The orc wizard hits you with a +0 dagger.
* * * LOW HITPOINT WARNING * * *
The orc wizard hits you but does no damage.
You closely miss the orc wizard.
The orc wizard is severely wounded.
The orc wizard mumbles some strange words.
The orc wizard blinks!
An orc priest comes into view. It is wielding a +0 flail.
The gnoll drinks a potion.
The gnoll seems to speed up.
The orc priest shouts!
The orc wizard gestures wildly while chanting.
The orc wizard blinks!
The orc priest calls upon Beogh to heal the orc wizard.
The orc wizard is healed somewhat.
The orc wizard gestures at you while chanting.
The magic dart hits you!
* * * LOW HITPOINT WARNING * * *
The orc priest invokes the aid of Beogh against you.
Beogh smites you!
You die...

.. .# #.#### .⌠.
########....# ...
#..........# #
#.# #...#......#
.###.#
#..........# #.#
#...
#...#g.<...##...#
#gg.
#...#o........#
#..†
#...#.......###
#<#
#####@.))...o.#
### #...###.#...#
#..## .# #.# #..#
.. {# ##..# #.#
#...# {# #...##
.. #..#.# #..#..
...#..# ####.# {


You could see an orc priest, an orc wizard and a gnoll.

Vanquished Creatures
  An orc wizard (D:3)
  A worker ant (D:3)
  A gnoll (D:2)
  An adder (D:2)
  A worm (D:2)
  4 dart slugs
  2 leopard geckos
  An orc (D:3)
  5 giant cockroaches (D:1)
  2 goblins
  2 hobgoblins
  6 jackals
  2 quokkas (D:2)
  4 bats
  6 kobolds
  5 rats
44 creatures vanquished.

Notes
Turn   | Place    | Note
-------+----------+-------------------------------------------
     0 | Abyss:1  | bli the Formicid Abyssal Knight began the quest for the
                  | Orb.
     0 | Abyss:1  | Reached XP level 1. HP: 18/18 MP: 2/2
    10 | Abyss:1  | Found a corrupted altar of Lugonu.
    41 | Abyss:1  | Noticed a neqoxec
    44 | Abyss:1  | Noticed a neqoxec
    52 | Abyss:1  | Gained mutation: You are dopey. (Int -2) [a neqoxec]
    75 | Abyss:1  | Noticed a bone dragon
    75 | Abyss:1  | Noticed a large abomination
    77 | D:1      | Escaped the Abyss
   209 | D:1      | Reached skill level 1 in Dodging
   221 | D:1      | Reached XP level 2. HP: 20/24 MP: 3/3
   352 | D:1      | Reached * piety under Lugonu
   506 | D:1      | Reached XP level 3. HP: 29/29 MP: 4/4
  1159 | D:2      | Reached XP level 4. HP: 21/35 MP: 5/5
  1241 | D:2      | Reached skill level 1 in Shields
  1299 | D:2      | Found a faded altar of an unknown god.
  1942 | D:3      | Reached XP level 5. HP: 19/41 MP: 6/6
  2054 | D:3      | Killed from afar by an orc priest

Vault maps used:
D:1:      lightli_arrival_statuegarden
D:2:      first_ration, chequers_ecumenical_altar_simple
D:3:      lemuel_coloured_pillars_altar, grunt_ministairs_5,
          minmay_misc_feat_encased, uniq_crazy_yiuf_cottage

Skill      XL: |  1  2  3  4 |
---------------+-------------+-----
Dodging        | 1 2 |  2.1
Axes           | 3 |  3.7
Shields        | 1 |  1.7
Fighting       | |  3.7
Armour         | |  2.5
Invocations    | |  2.1

Action                   |  1- 3 |  4- 6 || total
-------------------------+-------+-------++-------
Melee: Hand axe          |    98 |    58 ||   156
Throw: Stone             |     7 |     7 ||    14
Invok: Depart the Abyss  |     1 |       ||     1
 Stab: Sleeping          |     1 |       ||     1
  Eat: Chunk             |     1 |     3 ||     4
Armor: Leather armour    |    24 |    12 ||    36
Dodge: Dodged            |    65 |    45 ||   110

Table legend:
 A = Non-vault XP
 B = Vault XP
 C = Vault XP percentage of total XP
 D = Non-vault monster count
 E = Vault monster count
 F = Vault count percentage of total count
                 A         B        C        D         E       F
            +---------+---------+-------+---------+---------+-------
      Total |     166 |      18 |   9.8 |      41 |       3 |   6.8
            +---------+---------+-------+---------+---------+-------
        D:1 |      49 |       0 |   0.0 |      25 |       0 |   0.0
        D:2 |      33 |      16 |  32.7 |      10 |       2 |  16.7
        D:3 |      84 |       2 |   2.3 |       6 |       1 |  14.3
            +---------+---------+-------+---------+---------+-------
